 Dungeon Crawl Stone Soup version 0.19.0-22-gd96e5fe (webtiles) character file.

6072 Leibowitz the Covert (level 10, 0/77 HPs)
             Began as a Demigod Enchanter on Nov 19, 2016.
             Slain by a centaur skeleton (2 damage)
             ... on level 10 of the Dungeon.
             The game lasted 00:38:45 (9880 turns).

Leibowitz the Covert (Demigod Enchanter)            Turns: 9880, Time: 00:38:47

Health: 0/77       AC:  9    Str: 16    XL:     10   Next: 32%
Magic:  24/24      EV: 14    Int: 25    God:
Gold:   329        SH:  4    Dex: 16    Spells: 5 memorised, 13 levels left

rFire  + + .     SeeInvis .     a - +4 dagger (speed)
rCold  . . .     Gourm    .     w - +1 leather armour {rF+}
rNeg   . . .     Faith    .     h - +0 buckler
rPois  .         Spirit   .     y - +2 helmet
rElec  .         Reflect  .     r - +1 cloak
rCorr  .         Harm     .     (no gloves)
MR     +....                    (no boots)
Stlth  ++++......               (no amulet)
                                j - +1 ring of evasion
                                v - ring of protection from fire

@: mighty, drained
A: high mp 1
a: no special abilities


You were on level 10 of the Dungeon.
You were not hungry.

You visited 2 branches of the dungeon, and saw 11 of its levels.
You also visited: Sewer.

You collected 329 gold pieces.

Inventory:

Hand Weapons
 a - a +4 dagger of speed (weapon)
Armour
 h - a +0 buckler (worn)
 r - a +1 cloak (worn)
 w - a +1 leather armour of fire resistance (worn)
 y - a +2 helmet (worn)
Jewellery
 f - an uncursed ring of resist corrosion
 j - a +1 ring of evasion (right hand)
 v - a ring of protection from fire (left hand)
Wands
 q - a wand of disintegration (12/24)
 x - a wand of lightning (0/15)
 K - a wand of paralysis (19/24)
Scrolls
 b - a scroll of enchant armour
 l - 12 scrolls of identify
 p - 3 scrolls of fog
 t - 7 scrolls of teleportation
 u - 2 scrolls of blinking {unknown}
 B - 5 scrolls of recharging
 C - 4 scrolls of magic mapping
 D - a scroll of amnesia
 G - a scroll of immolation
 H - 2 scrolls of remove curse
Potions
 e - 2 potions of lignification
 i - a potion of agility
 m - 4 potions of brilliance
 s - 5 potions of curing
 E - 3 potions of might
 F - 2 potions of magic
Books
 c - a book of Maledictions

   Spells                             Type                      Level
   a - Corona                         Hexes                        1
   b - Ensorcelled Hibernation        Hexes/Ice                    2
   c - Confuse                        Hexes                        3
   d - Tukima's Dance                 Hexes                        3
   e - Dazzling Spray                 Conjuration/Hexes            3
 o - a book of Misfortune

   Spells                             Type                      Level
   a - Confusing Touch                Hexes                        1
   b - Confuse                        Hexes                        3
   c - Gell's Gravitas                Hexes/Translocation          3
   d - Petrify                        Transmutation/Earth          4
   e - Metabolic Englaciation         Hexes/Ice                    5
   f - Yara's Violent Unravelling     Hexes/Transmutation          5
 J - a book of Cantrips

   Spells                             Type                      Level
   a - Confusing Touch                Hexes                        1
   b - Animate Skeleton               Necromancy                   1
   c - Summon Small Mammal            Summoning                    1
   d - Apportation                    Translocation                1
Comestibles
 d - 7 bread rations
 g - 2 fruits
 k - 5 chunks of flesh
 n - 3 meat rations
 z - a beef jerky
 I - a slice of pizza


   Skills:
 + Level 3.1(2.3) Fighting
 + Level 5.3(4.5) Short Blades
 + Level 0.1(0.0) Throwing
 + Level 1.8(1.1) Armour
 + Level 4.6(3.9) Dodging
 + Level 8.4(7.5) Stealth
 + Level 2.6(1.9) Shields
 * Level 7.0(6.1) Spellcasting
 + Level 5.5(4.7) Hexes
 + Level 3.3(2.6) Ice Magic
 + Level 0.1(0.0) Evocations


You had 13 spell levels left.
You knew the following spells:

 Your Spells              Type           Power        Failure   Level  Hunger
a - Corona                Hex            ####...      1%          1    None
b - Ensorcelled Hibernat  Hex/Ice        ####..       4%          2    None
c - Confuse               Hex            ####....     6%          3    None
d - Confusing Touch       Hex            ####..       1%          1    None
e - Gell's Gravitas       Hex/Tloc       ###.......   17%         3    None


Dungeon Overview and Level Annotations

Branches:
Dungeon (10/15)            Temple (1/1) D:6            Lair (0/6) D:8
    Orc: D:9-12

Shops:
D:5 [

Annotations:
D:9 DeXoteric's ghost, novice TrFi


Innate Abilities, Weirdness & Mutations

You have an increased reservoir of magic. (+10% MP)


Message History

You block Nergalle's attack.
You hit Nergalle.
Nergalle is almost dead.
The centaur skeleton barely misses you.
You barely miss Nergalle.
Nergalle is almost dead.
The spectral orc warrior hits you but does no damage.
The spectral orc knight closely misses you.
The centaur skeleton closely misses you.
Nergalle asks, "There's a tasty morsel, hm?"
Nergalle casts a spell at you. The bolt of negative energy hits you!
You feel drained.
* * * LOW HITPOINT WARNING * * *
You puncture Nergalle!
You kill Nergalle!
The spectral orc knight disappears in a puff of smoke!
The spectral orc warrior disappears in a puff of smoke!
Your base Spellcasting skill increases to level 7!
The centaur skeleton hits you.
You die...

.## #..# #.........#
...# #.........## ...#
#..........# ...#
#..........##### ...###
##............... ......
................. ......
........Z§)......
######+#........@§......
.......#....##'########.
..†....#. #.........
.......#..###.........
.......#..#...........
.......#..'...........
'###+###..#...........
..........#..........#
..........#..........#


You could see a centaur skeleton.

Vanquished Creatures
  Harold (D:10)
  Nergalle (D:10)
  Psyche (D:9)
  2 trolls (D:9)
  A two-headed ogre (D:9)
  A hornet (D:10)
  Menkaure (D:7)
  The ghost of Schattenjager the Covert, an amateur SpAs (Sewer)
  2 ice beasts
  A sky beast (D:7)
  An orc warrior (D:8)
  A black bear (D:6)
  5 ogres
  3 centaurs
  The ghost of loom the Insei, an amateur DsTm (D:4)
  2 big kobolds
  9 bullfrogs
  A scorpion (D:9)
  2 howler monkeys
  3 crimson imps (D:8)
  8 hounds
  A bullfrog zombie (D:6)
  2 jellies
  A bullfrog skeleton (D:9)
  4 orc priests
  3 iguanas
  7 orc wizards
  5 worker ants
  2 worker ant zombies (D:7)
  5 river rats
  16 adders
  A howler monkey skeleton (D:6)
  3 shadow imps
  3 oozes (Sewer)
  4 adder skeletons
  2 dart slugs
  6 leopard geckos
  28 orcs
  9 ball pythons
  12 bats
  7 giant cockroaches
  4 goblins
  7 hobgoblins
  5 jackals
  18 kobolds
  3 quokkas
  11 frilled lizards
  2 leopard gecko skeletons
  A quokka skeleton (D:5)
  30 rats
  2 butterflies (D:7)
252 creatures vanquished.

Notes
Turn   | Place    | Note
-------+----------+-------------------------------------------
     0 | D:1      | Leibowitz the Demigod Enchanter began the quest for the Orb.
     0 | D:1      | Reached XP level 1. HP: 14/14 MP: 5/5
   559 | D:1      | Reached XP level 2. HP: 18/20 MP: 7/7
   563 | D:1      | Learned a level 2 spell: Ensorcelled Hibernation
   787 | D:1      | Reached skill level 3 in Stealth
   853 | D:1      | Reached skill level 1 in Short Blades
  1340 | D:2      | Reached XP level 3. HP: 26/26 MP: 5/8
  2130 | D:3      | Found a glowing drain.
  2134 | Sewer    | Entered a sewer
  2146 | Sewer    | Noticed Schattenjager's ghost (amateur SpAs)
  2185 | Sewer    | Killed Schattenjager's ghost
  2185 | Sewer    | Reached skill level 1 in Ice Magic
  2185 | Sewer    | Reached XP level 4. HP: 16/33 MP: 8/10
  2185 | Sewer    | Reached XP level 5. HP: 19/38 MP: 8/11
  2675 | Sewer    | Learned a level 3 spell: Confuse
  2869 | Sewer    | Reached skill level 1 in Fighting
  2873 | Sewer    | Reached XP level 6. HP: 42/47 MP: 8/13
  2882 | Sewer    | Reached skill level 1 in Shields
  3307 | D:3      | Found an iron altar of Okawaru.
  3316 | D:3      | Found a hide-covered altar of Uskayaw.
  3547 | D:3      | Found a radiant altar of Vehumet.
  3638 | D:3      | Found a shattered altar of Ashenzari.
  3638 | D:3      | Found a hazy altar of Hepliaklqana.
  4081 | D:4      | Learned a level 1 spell: Confusing Touch
  4099 | D:4      | Noticed loom's ghost (amateur DsTm)
  4121 | D:4      | Killed loom's ghost
  4121 | D:4      | Reached skill level 4 in Stealth
  4274 | D:4      | Reached XP level 7. HP: 51/52 MP: 15/15
  4618 | D:5      | Entered Level 5 of the Dungeon
  5004 | D:5      | Found Roanuedel's Antique Armour Emporium.
  5194 | D:5      | Found a shadowy altar of Dithmenos.
  5229 | D:5      | Found a burning altar of Makhleb.
  5231 | D:5      | Found a glowing silver altar of Zin.
  5231 | D:5      | Noticed an angel
  5232 | D:5      | Noticed a blizzard demon
  5371 | D:6      | Found a staircase to the Ecumenical Temple.
  5381 | Temple   | Entered the Ecumenical Temple
  5612 | D:6      | Found an opulent altar of Gozag.
  5633 | D:6      | Reached skill level 5 in Stealth
  5639 | D:6      | Reached XP level 8. HP: 59/59 MP: 17/17
  6475 | D:7      | Reached skill level 6 in Stealth
  6700 | D:7      | Noticed Menkaure
  6745 | D:7      | Killed Menkaure
  6745 | D:7      | Reached skill level 5 in Spellcasting
  6828 | D:7      | Found a shimmering altar of Xom.
  6989 | D:7      | Reached XP level 9. HP: 68/68 MP: 17/20
  7278 | D:8      | Found a white marble altar of Elyvilon.
  7362 | D:8      | Found a staircase to the Lair.
  7743 | D:8      | Found a basalt altar of Yredelemnul.
  7882 | D:9      | Reached skill level 7 in Stealth
  7895 | D:9      | Reached skill level 1 in Armour
  7950 | D:9      | Noticed Psyche
  7952 | D:9      | Killed Psyche
  8010 | D:9      | Noticed DeXoteric's ghost (novice TrFi)
  8129 | D:9      | Reached skill level 5 in Hexes
  8649 | D:10     | Entered Level 10 of the Dungeon
  8649 | D:10     | Noticed Harold
  8857 | D:8      | Learned a level 3 spell: Gell's Gravitas
  8963 | D:8      | Reached skill level 5 in Short Blades
  9424 | D:9      | Reached skill level 8 in Stealth
  9494 | D:9      | Found a snail-covered altar of Cheibriados.
  9499 | D:9      | Found a sacrificial altar of Ru.
  9559 | D:10     | Killed Harold
  9559 | D:10     | Reached XP level 10. HP: 77/77 MP: 3/24
  9839 | D:10     | Noticed Nergalle
  9879 | D:10     | HP: 2/77 [Nergalle/bolt of negative energy (26)]
  9880 | D:10     | Killed Nergalle
  9880 | D:10     | Slain by a centaur skeleton

Skill      XL: |  1  2  3  4  5  6  7  8  9 10 |
---------------+-------------------------------+-----
Dodging        | 2 3 4 |  4.6
Spellcasting   | 2 3 4 5 6 7 |  7.0
Stealth        | 3 4 5 6 8 |  8.4
Short Blades   | 1 2 3 4 5 |  5.3
Hexes          | 3 4 5 |  5.5
Ice Magic      | 1 2 3 |  3.3
Fighting       | 1 2 3 |  3.1
Shields        | 1 2 |  2.6
Armour         | 1 |  1.8
Throwing       | |  0.1
Evocations     | |  0.1

Action                   |  1- 3 |  4- 6 |  7- 9 | 10-12 || total
-------------------------+-------+-------+-------+-------++-------
Melee: Dagger            |   143 |   190 |   479 |    39 ||   851
       Unarmed           |       |     1 |    17 |       ||    18
Throw: Throwing net      |       |       |     2 |     1 ||     3
 Cast: Corona            |     7 |       |       |       ||     7
       Ensorcelled Hiber |    12 |    27 |    64 |     1 ||   104
       Confusing Touch   |       |     3 |     8 |       ||    11
       Confuse           |       |     1 |    13 |       ||    14
       Gell's Gravitas   |       |       |     1 |       ||     1
Evoke: Wand              |       |       |     6 |     2 ||     8
  Use: Scroll            |       |       |    13 |       ||    13
       Potion            |       |       |    12 |     1 ||    13
 Stab: Sleeping          |    13 |    15 |    56 |     2 ||    86
       Confused          |       |     1 |    10 |       ||    11
       Distracted        |       |     1 |     1 |       ||     2
       Held in net/web   |       |       |     4 |     2 ||     6
  Eat: Chunk             |     5 |     9 |    16 |     1 ||    31
       Fruit             |       |       |     1 |       ||     1
Armor: Robe              |    25 |    38 |    15 |       ||    78
       Leather armour    |       |       |    29 |     8 ||    37
Dodge: Dodged            |    98 |   107 |   180 |    12 ||   397
Block: Buckler           |    18 |    32 |    54 |     5 ||   109
